 Dungeon Crawl Stone Soup version 0.19-a0-1254-gb9c29c0 (webtiles) character file.

334 epen the Poker (level 6, -1/49 HPs)
             Began as a Merfolk Monk on Aug 27, 2016.
             Slain by a gnoll
             ... wielding a +0 halberd
              (10 damage)
             ... on level 4 of the Dungeon.
             The game lasted 00:05:30 (3913 turns).

epen the Poker (Merfolk Monk)                       Turns: 3913, Time: 00:05:31

Health: -1/49      AC:  5    Str: 10 (13) XL:     6   Next: 53%
Magic:  6/6        EV: 13    Int:  8 (10) God:
Gold:   173        SH:  0    Dex: 14 (16) Spells: 0 memorised, 5 levels left

rFire  . . .     SeeInvis +     a - +0 spear
rCold  . . .     Gourm    .     y - +0 ring mail
rNeg   . . .     Faith    .     (no shield)
rPois  .         Spirit   .     (no helmet)
rElec  .         Dismiss  .     (no cloak)
rCorr  .         Reflect  .     (no gloves)
MR     .....     Harm     .     (no boots)
Stlth  ++........               (no amulet)
                                t - ring of stealth
                                n - ring of see invisible

@: very slightly contaminated, hasted, very quick
A: change form in water, swift swim, stealthy swim
a: no special abilities


You were on level 4 of the Dungeon.
You were very hungry.

You visited 1 branch of the dungeon, and saw 5 of its levels.

You collected 173 gold pieces.

Inventory:

Hand Weapons
 a - a +0 spear (weapon)
Armour
 b - a +0 scale mail
 y - a +0 ring mail (worn)
Jewellery
 n - a ring of see invisible (left hand)
 t - a ring of stealth (right hand)
Scrolls
 e - 4 scrolls of identify
 f - 2 scrolls of fear
 k - a scroll of amnesia {unknown}
 l - a scroll of recharging {unknown}
 p - 2 scrolls of remove curse {unknown}
 r - a scroll of enchant armour {unknown}
 s - a scroll of enchant weapon {unknown}
 u - a scroll of random uselessness {unknown}
 v - a scroll of blinking {unknown}
 w - a scroll of teleportation {unknown}
Potions
 h - a potion of degeneration
 j - 2 potions of brilliance
Books
 d - a Necronomicon

   Spells                             Type                      Level
   a - Haunt                          Necromancy/Summoning         7
   b - Borgnjor's Revivification      Necromancy                   8
   c - Death's Door                   Charms/Necromancy            8
   d - Infestation                    Necromancy                   8
   e - Necromutation                  Transmutation/Necromancy     8
Comestibles
 c - 4 bread rations
 g - a meat ration
 o - 8 fruits


   Skills:
 + Level 4.5 Fighting
 + Level 5.9 Polearms
 * Level 2.7 Armour
 + Level 5.7 Dodging
 - Level 2.1 Stealth


You had 5 spell levels left.
You didn't know any spells.

Dungeon Overview and Level Annotations

Branches:
Dungeon (5/15)
 Temple: D:4-7

Altars:
Gozag


Message History

You closely miss the orc.
The orc wizard casts a spell.
The orc wizard flickers and vanishes for a moment.
Cornered, the orc turns to fight!
Cornered, the orc turns to fight!
You barely miss the gnoll. You hit the gnoll.
Your attack snaps the gnoll out of its fear.
The gnoll is lightly wounded.
The gnoll misses you.
You barely miss the gnoll.
The gnoll is lightly wounded.
You barely miss the gnoll.
The gnoll is lightly wounded.
The gnoll hits you with a halberd!
* * * LOW HITPOINT WARNING * * *
You hit the gnoll.
The gnoll is moderately wounded.
The gnoll hits you with a halberd!
You die...

######## ###
........ ..#
.......# #.#
...#.# #.#
####.#.###.#######
..!...$..#.......#
#.........g..(.#
#..#.#%######..#
#..#.#.# #g@#
#..#.#.# #..#
#..#g#.# #o.#
#....#.# #..#
#...##.# #..#
###...##.#
#.o####### ....#.#
#.....ooo# ###.#.#
#######.o# #.#.# #


You could see a gnoll and 2 orcs.

Vanquished Creatures
  A giant frog (D:4)
  A scorpion (D:4)
  2 orc wizards (D:3)
  A hound skeleton (D:4)
  5 adders
  5 worms
  A dart slug (D:3)
  2 giant geckos
  17 orcs
  11 bats
  2 giant cockroaches (D:3)
  9 goblins
  6 hobgoblins
  3 ball pythons
  7 kobolds
  9 rats
82 creatures vanquished.

Notes
Turn   | Place    | Note
-------+----------+-------------------------------------------
     0 | D:1      | epen the Merfolk Monk began the quest for the Orb.
     0 | D:1      | Reached XP level 1. HP: 18/18 MP: 1/1
     2 | D:1      | Noticed a ghoul
     2 | D:1      | Noticed a troll
     4 | D:1      | Noticed a merfolk
     6 | D:1      | Noticed an octopode
     6 | D:1      | Noticed a demonspawn
     8 | D:1      | Noticed a gargoyle
     8 | D:1      | Noticed a dwarf
    10 | D:1      | Noticed an ogre
    12 | D:1      | Noticed a human
    14 | D:1      | Noticed a formicid
    14 | D:1      | Noticed an elf
    16 | D:1      | Noticed a vampire
    18 | D:1      | Noticed a spriggan
    18 | D:1      | Noticed a halfling
    20 | D:1      | Noticed a naga
    20 | D:1      | Noticed a centaur
    22 | D:1      | Noticed a demigod
    22 | D:1      | Noticed a draconian
    24 | D:1      | Noticed a minotaur
    24 | D:1      | Noticed a felid
    26 | D:1      | Noticed a vine stalker
    26 | D:1      | Noticed a tengu
   143 | D:1      | Reached XP level 2. HP: 19/24 MP: 2/2
   399 | D:1      | Reached skill level 5 in Polearms
   602 | D:2      | Found an opulent altar of Gozag.
   608 | D:2      | Reached XP level 3. HP: 27/29 MP: 3/3
  1223 | D:3      | Reached skill level 1 in Armour
  1600 | D:3      | Reached XP level 4. HP: 35/37 MP: 4/4
  2293 | D:3      | Reached skill level 5 in Dodging
  2293 | D:3      | Reached XP level 5. HP: 14/42 MP: 5/5
  3262 | D:4      | Reached XP level 6. HP: 10/49 MP: 6/6
  3528 | D:5      | Entered Level 5 of the Dungeon
  3913 | D:4      | Slain by a gnoll

Vault maps used:
D:1:      kb_arrival_jail
D:2:      dk_vineyard_2, nicolae_gozag_cash_rules_everything_around_me
D:3:      first_bread, kennysheep_generic_room_8
D:4:      portal_sewer_entry_c, patterned_corridor
D:5:      overflow_temple_1_default, mrwooster_statue_mirror

Skill      XL: |  1  2  3  4  5 |
---------------+----------------+-----
Polearms       | 5 |  5.9
Armour         | 1 2 |  2.7
Fighting       | 4 |  4.5
Dodging        | 5 |  5.7
Stealth        | |  2.1

Action                   |  1- 3 |  4- 6 || total
-------------------------+-------+-------++-------
Melee: Spear             |   144 |   297 ||   441
  Use: Potion            |       |     5 ||     5
       Scroll            |       |     2 ||     2
 Stab: Sleeping          |     9 |     4 ||    13
  Eat: Chunk             |     2 |     5 ||     7
       Pizza             |       |     1 ||     1
Armor: Robe              |    15 |     1 ||    16
       Leather armour    |       |    10 ||    10
       Ring mail         |       |    45 ||    45
Dodge: Dodged            |    66 |   151 ||   217
